Map: 地龙岛-天梯版

Players

TIME (Oliveira)

  • Race: Terran Terran
  • Spawn Location: 11:00

NoRegreT - Winner!

  • Race: Zerg Zerg
  • Spawn Location: 5:00

Event: WCS Montreal 2018

VOD

Have the link to the VOD?

Description

Time

  • Played on: Sept. 7, 2018, 12:41 p.m.
  • Length: 4:11

All games in this series

Show
View Real Time Build Order
Export as new Build Order

TIME Terran 

Build Orders: Reaper Expand 

Get SALT Encoding   

  12  0:00  SCV  
  13  0:13  SCV  
  14  0:17  Supply Depot  
  14  0:25  SCV  
  15  0:38  SCV  
  15  0:40  Barracks  
  16  0:43  Refinery  
  16  0:50  SCV  
  17  1:02  SCV  
  18  1:15  SCV  
  19  1:27  Reaper, Orbital Command  
  20  1:39  Command Center  
  20  1:52  Supply Depot  
  20  1:53  SCV  
  21  1:59  Marine  
  22  2:05  Factory  
  22  2:08  SCV  
  23  2:13  Refinery  
  23  2:20  Marine  
  24  2:29  Command Center  
  22  2:31  Supply Depot  
  22  2:35  SCV  
  22  2:38  Marine  
  23  2:47  SCV  
  23  2:50  Hellion  
  26  2:59  Starport  
  26  3:07  Barracks Reactor  
  26  3:11  Hellion  
  26  3:12  SCV  
  29  3:31  SCV  
  30  3:35  Viking  
  30  3:41  Orbital Command  
  32  3:43  SCV  
Show
View Real Time Build Order
Export as new Build Order

NoRegreT Zerg - Winner!

Build Orders: Pool First 

Get SALT Encoding   

  12  0:01  Drone  
  13  0:08  Drone  
  13  0:13  Extractor  
  13  0:18  Drone  
  14  0:32  Spawning Pool  
  13  0:35  Drone  
  13  0:42  Extractor, Drone  
  15  0:51  Overlord  
  15  1:10  Drone  
  16  1:19  Zergling x4  
  16  1:21  Zergling x2, Queen  
  21  1:28  Metabolic Boost  
  21  1:32  Zergling x2  
  22  1:45  Overlord  
  22  2:03  Hatchery  
  22  2:04  Zergling x2  
  22  2:07  Zergling x2  
  23  2:15  Zergling x2  
  24  2:25  Zergling x2  
  24  2:30  Zergling x2, Baneling Nest  
  24  2:34  Zergling x2  
  25  2:38  Zergling x2  
  25  2:42  Zergling x2  
  27  2:49  Zergling x2  
  28  3:02  Zergling x2  
  29  3:11  Zergling x2  
  30  3:16  Baneling x6  
  30  3:17  Zergling x2  
  31  3:21  Zergling x2  
  32  3:28  Zergling x2  
  32  3:30  Baneling  
  32  3:32  Zergling x2  
  34  3:36  Zergling x2  
  32  3:48  Zergling x2  
  32  3:49  Zergling x4  
  32  3:51  Zergling x2  
Tags
 
Add a new tag
Caveats
  • Supply blocks, unpowered buildings, or Contaminate may cause inaccurate times.
  • Supply counts are checked every 10 seconds.